AoeStats
← rodrigoalex3500

Black Forest

509785244Analyzed
4v4 RM · 5d ago on Sep 28, 2026· 52m 24s· 8 players
Game mode
Random Map
Map size
Large (8 player)
Population
200
Speed
Normal
Resources
Standard
Victory
Conquest
Starting age
Dark Age
Ending age
Imperial Age
RankedLock teamsTeams togetherTeam positionsShared explorationLock speedFull tech treeHidden civsTurbo modeCheats
Victory
Defeat
🇲🇽 Byzantines · Mexico
1001
+16
🇪🇸 Spanish · Spain
942
+18
🇬🇧 Hindustanis · United Kingdom
931
+18
🇨🇱 Chinese · Chile
911
+19
🇸🇻 Goths · El Salvador
1353
-30
🇵🇪 Bohemians · Peru
951
-17
🇨🇱 Cumans · Chile
851
-12
🇫🇷 Khmer · France
845
-12
DRAGONROJO500
0:30 Loom
13:04 Feudal Age
15:27 Wheelbarrow
16:58 Double-Bit Axe
24:22 Castle Age
22:25 Stone Mining
23:09 Fletching
23:12 Horse Collar
25:13 Bodkin Arrow
30:19 Bow Saw
30:54 Gambesons
31:34 Elite Skirmisher
34:09 Hand Cart
38:12 Imperial Age
36:31 Scale Mail Armor
37:19 Forging
37:45 Chain Mail Armor
37:42 Fortified Wall
37:48 Squires
38:27 Thumb Ring
40:01 Iron Casting
41:55 Plate Mail Armor
42:16 Ballistics
44:14 Chemistry
43:22 Bracer
44:17 Treadmill Crane
44:47 Heavy Plow
45:49 Two-Man Saw
44:41 Gold Mining
45:27 Stone Shaft Mining
44:43 Elite Varangian Guard
46:58 Scale Barding Armor
47:07 Padded Archer Armor
47:10 Murder Holes
48:03 Chain Barding Armor
48:29 Conscription
49:33 Leather Archer Armor
51:22 Arson
†oTTo†
0:32 Loom
10:50 Feudal Age
11:53 Double-Bit Axe
13:19 Horse Collar
14:56 Wheelbarrow
20:05 Castle Age
18:58 Gold Mining
19:05 Fletching
25:21 Heavy Plow
26:15 Husbandry
27:20 Bow Saw
27:44 Stone Mining
29:59 Hand Cart
35:18 Imperial Age
34:50 Stone Shaft Mining
37:00 Two-Man Saw
37:04 Chemistry
35:50 Arrowslits
37:30 Bodkin Arrow
37:41 Scale Barding Armor
37:52 Cavalier
44:18 Bombard Tower
44:21 Chain Barding Armor
44:02 Bracer
44:22 Paladin
47:03 Plate Barding Armor
47:00 Caravan
51:23 Bloodlines
50:33 Light Cavalry
51:44 Forging
rodrigoalex3500
0:37 Loom
9:53 Feudal Age
11:10 Wheelbarrow
10:21 Town Watch
10:30 Double-Bit Axe
10:36 Horse Collar
21:15 Castle Age
22:02 Town Patrol
22:22 Bow Saw
23:01 Hand Cart
22:56 Heavy Plow
23:44 Gold Mining
23:44 Stone Mining
27:19 Gold Shaft Mining
27:20 Stone Shaft Mining
28:50 Ballistics
33:01 Imperial Age
30:31 Elite Skirmisher
32:18 Padded Archer Armor
32:19 Scale Mail Armor
32:29 Forging
32:09 Fletching
35:45 Two-Man Saw
36:10 Chemistry
37:07 Leather Archer Armor
37:28 Iron Casting
37:08 Chain Mail Armor
37:13 Heavy Rocket Cart
39:12 Ring Archer Armor
38:38 Bodkin Arrow
39:43 Blast Furnace
38:49 Scale Barding Armor
39:14 Plate Mail Armor
40:40 Elite Chu Ko Nu
41:21 Great Wall
42:12 Bracer
42:33 Chain Barding Armor
42:54 Rocketry
42:05 Sappers
42:56 Conscription
43:44 Sappers
46:34 Coinage
46:08 Caravan
46:24 Elite Fire Lancer
46:49 Arson
47:04 Squires
46:25 Pikeman
49:34 Halberdier
JalalTheDestroyer
2:23 Loom
12:21 Feudal Age
16:43 Castle Age
27:59 Double-Bit Axe
32:56 Wheelbarrow
32:14 Horse Collar
32:47 Bow Saw
37:22 Imperial Age
35:07 Grand Trunk Road
36:09 Caravan
36:45 Forging
36:35 Scale Mail Armor
38:16 Iron Casting
37:46 Scale Barding Armor
38:49 Bloodlines
38:40 Husbandry
38:01 Heavy Camel Rider
39:02 Chain Mail Armor
41:19 Blast Furnace
40:41 Chain Barding Armor
40:16 Fletching
40:41 Imperial Camel Rider
43:40 Ballistics
45:19 Bodkin Arrow
49:26 Plate Barding Armor
50:45 Bracer
Trimetroprim
0:26 Loom
10:14 Feudal Age
10:20 Man-at-Arms
16:54 Wheelbarrow
16:10 Town Watch
16:30 Double-Bit Axe
21:17 Castle Age
19:00 Horse Collar
20:07 Gold Mining
21:17 Scale Mail Armor
23:17 Chain Mail Armor
23:12 Forging
28:30 Masonry
31:44 Imperial Age
30:00 Squires
30:44 Iron Casting
31:37 Wheelbarrow
31:04 Town Patrol
31:25 Heavy Plow
31:19 Treadmill Crane
32:57 Pikeman
34:30 Masonry
34:42 Fletching
35:34 Anarchy
38:08 Blast Furnace
38:14 Scale Barding Armor
38:07 Bodkin Arrow
38:08 Halberdier
39:51 Crop Rotation
39:50 Long Swordsman
40:56 Capped Ram
41:48 Bracer
41:48 Padded Archer Armor
41:30 Onager
42:59 Architecture
42:51 Ballistics
44:33 Hand Cart
45:40 Chemistry
44:36 Murder Holes
45:49 Elite Huskarl
48:52 Two-Handed Swordsman
DK
10:26 Feudal Age
17:23 Castle Age
17:36 Double-Bit Axe
18:00 Horse Collar
21:38 Fervor
23:14 Bow Saw
23:53 Sanctity
24:25 Fletching
25:57 Heavy Plow
27:07 Bodkin Arrow
27:48 Caravan
30:32 Chemistry
30:07 Padded Archer Armor
31:01 Wheelbarrow
31:15 Elite Skirmisher
34:30 Leather Archer Armor
34:38 Ballistics
34:15 Murder Holes
35:38 Hand Cart
39:22 Imperial Age
40:08 Bracer
40:56 Guilds
41:06 Guilds
42:34 Ring Archer Armor
48:11 Houfnice
48:24 Pikeman
49:04 Squires
mustelidox
0:34 Loom
12:28 Feudal Age
13:49 Wheelbarrow
14:13 Horse Collar
14:49 Double-Bit Axe
21:24 Fletching
27:16 Castle Age
28:22 Hand Cart
31:33 Stone Mining
34:41 Gold Mining
39:41 Imperial Age
37:38 Pikeman
38:19 Squires
38:05 Arson
39:07 Bow Saw
39:48 Masonry
39:34 Murder Holes
40:00 Ballistics
41:06 Bloodlines
40:19 Cavalier
42:32 Bodkin Arrow
42:47 Forging
48:38 Hoardings
50:20 Scale Barding Armor
50:18 Scale Mail Armor
50:54 Iron Casting
49:43 Halberdier
jpd17
12:53 Feudal Age
17:37 Double-Bit Axe
19:42 Gold Mining
21:25 Horse Collar
26:11 Castle Age
24:44 Bloodlines
24:44 Stone Mining
29:41 Imperial Age
27:55 Forging
28:12 Bow Saw
27:30 Crossbowman
27:34 Pikeman
28:20 Arson
28:47 Husbandry
29:04 Scale Barding Armor
30:06 Stone Shaft Mining
30:21 Iron Casting
32:27 Blast Furnace
31:30 Caravan
32:18 Gold Shaft Mining
32:03 Heavy Plow
33:17 Wheelbarrow
33:07 Halberdier
36:50 Hand Cart
37:54 Chain Barding Armor
37:05 Cavalier
39:28 Plate Barding Armor
38:33 Elite Skirmisher
39:51 Fletching
39:49 Loom
39:52 Town Watch
41:39 Tusk Swords
43:26 Town Patrol
46:06 Crop Rotation
46:15 Double Crossbow
46:39 Bodkin Arrow
Connection lost

Rejoining the realm…

Still unreachable

The connection could not be restored.

Session expired

The server has moved on; the page needs a fresh start.